Map: Abyssal Reef LE

Players

Nerchio - Winner!

  • Race: Zerg Zerg
  • Spawn Location: 5:00

Impact

  • Race: Zerg Zerg
  • Spawn Location: 11:00

Event: IEM XI Katowice - World Championship 2017

VOD

Have the link to the VOD?

Description

Time

  • Played on: Feb. 28, 2017, 5:52 a.m.
  • Length: 6:45

All games in this series

Show
View Real Time Build Order
Export as new Build Order

Nerchio Zerg - Winner!

Build Orders: Pool First 

Get SALT Encoding   

  12  0:00  Drone  
  13  0:12  Overlord  
  13  0:17  Drone  
  14  0:31  Drone x2  
  14  0:35  Drone  
  17  0:46  Spawning Pool  
  17  0:48  Drone  
  17  0:56  Drone  
  18  1:12  Hatchery  
  18  1:16  Extractor  
  18  1:17  Drone  
  17  1:20  Drone  
  18  1:32  Queen  
  20  1:33  Zergling x2  
  20  1:39  Drone  
  22  1:49  Overlord  
  22  2:07  Queen  
  22  2:08  Zergling x2  
  24  2:15  Zergling x2  
  25  2:23  Zergling x2  
  24  2:31  Metabolic Boost  
  24  2:36  Queen  
  22  2:42  Drone  
  23  2:44  Drone  
  23  2:48  Drone  
  25  2:51  Drone  
  26  2:59  Zergling x2  
  26  3:00  Zergling x2  
  28  3:05  Drone  
  28  3:06  Drone  
  28  3:08  Drone  
  31  3:15  Drone x2  
  31  3:18  Drone  
  33  3:20  Drone  
  33  3:23  Drone  
  35  3:29  Overlord  
  35  3:41  Overlord  
  35  3:47  Queen  
  37  3:54  Drone x6  
  43  3:56  Drone  
  43  3:58  Overlord  
  44  4:19  Evolution Chamber, Drone x2  
  44  4:21  Overlord  
  44  4:23  Hatchery  
  43  4:24  Drone  
  43  4:25  Drone  
  43  4:27  Drone  
  46  4:32  Drone  
  46  4:38  Drone  
  48  4:40  Extractor  
  48  4:41  Roach Warren, Drone  
  48  4:42  Extractor  
  46  4:48  Zergling x2  
  46  4:50  Queen  
  46  4:51  Queen  
  51  4:56  Zergling x4  
  51  4:57  Zergling x2  
  51  4:58  Zergling x2  
  55  5:03  Zergling x4  
  57  5:08  Overlord  
  57  5:16  Overlord x2  
  57  5:25  Roach  
  57  5:26  Roach x2  
  63  5:29  Drone  
  63  5:32  Roach  
  63  5:34  Roach  
  68  5:37  Roach  
  68  5:39  Roach x2  
  68  5:41  Roach  
  74  5:44  Roach  
  74  5:47  Roach  
  78  5:50  Roach  
  78  5:52  Roach  
  78  5:54  Zergling x2  
  78  5:56  Ravager x2  
  83  5:58  Roach  
  83  6:03  Roach  
  87  6:04  Zergling x4  
  87  6:13  Zergling x6  
  87  6:15  Zergling x2  
  87  6:16  Zergling x2  
  87  6:17  Zergling x4  
  85  6:30  Drone x2  
Show
View Real Time Build Order
Export as new Build Order

Impact Zerg 

Build Orders: Pool First 

Get SALT Encoding   

  12  0:17  Spawning Pool  
  11  0:22  Drone  
  11  0:27  Drone  
  13  0:31  Drone  
  14  0:39  Overlord  
  14  1:03  Zergling x4  
  16  1:05  Zergling x2  
  17  1:16  Zergling x2  
  18  1:19  Hatchery  
  17  1:26  Zergling x2  
  18  1:35  Queen  
  18  1:37  Zergling x2  
  21  1:48  Overlord  
  21  1:59  Drone  
  21  2:11  Queen  
  21  2:12  Drone  
  24  2:20  Drone  
  24  2:30  Queen  
  24  2:33  Drone  
  25  2:38  Drone  
  25  2:41  Extractor  
  25  2:45  Drone  
  25  2:46  Drone x2  
  29  2:51  Drone  
  29  2:53  Drone  
  29  2:56  Drone  
  29  2:57  Drone  
  32  3:04  Overlord  
  31  3:12  Spine Crawler  
  30  3:24  Drone  
  30  3:25  Drone x3  
  30  3:26  Drone  
  35  3:35  Roach Warren, Drone  
  35  3:40  Overlord  
  35  3:45  Metabolic Boost  
  35  3:47  Extractor  
  34  4:00  Overlord  
  34  4:01  Zergling x8  
  38  4:09  Evolution Chamber  
  36  4:13  Overlord  
  36  4:14  Overlord  
  36  4:22  Roach x2  
  40  4:29  Roach x2  
  44  4:35  Roach  
  46  4:41  Roach x2  
  50  4:46  Roach  
  50  4:49  Roach  
  56  4:53  Roach  
  56  4:56  Roach  
  60  5:00  Roach  
  60  5:04  Roach  
  62  5:07  Overlord  
  62  5:13  Roach  
  63  5:16  Overlord  
  63  5:19  Zergling x4  
  64  5:25  Zergling x2  
  64  5:28  Zergling x4  
  67  5:30  Zergling x2  
  67  5:34  Zergling x4  
  70  5:36  Zergling x2  
  70  5:38  Zergling x2  
  70  5:41  Ravager  
  70  5:42  Zergling x2  
  74  5:45  Zergling x2  
  74  5:49  Zergling x2  
  73  5:53  Zergling x2  
  70  5:58  Drone x3  
  70  6:03  Drone  
  74  6:07  Overlord  
  74  6:12  Drone  
  74  6:15  Drone  
  74  6:16  Drone  
  74  6:17  Drone  
  71  6:19  Drone  
  61  6:28  Drone  
  61  6:30  Drone  
  61  6:31  Extractor, Drone x2  
  58  6:33  Drone  

Tags
 
Add a new tag
Caveats
  • Supply blocks, unpowered buildings, or Contaminate may cause inaccurate times.
  • Supply counts are checked every 10 seconds.